 Dungeon Crawl Stone Soup version 0.28.0 (webtiles) character file.

Game seed: 18069109650635877265

24 Mitsuki the Firebug (level 2, -7/15 HPs)
             Began as a Deep Elf Fire Elementalist on Feb 8, 2022.
             Mangled by a gnoll (8 damage)
             ... on level 2 of the Dungeon.
             The game lasted 00:02:03 (1249 turns).

Mitsuki the Firebug (Deep Elf Fire Elementalist)    Turns: 1249, Time: 00:02:04

Health: -7/15      AC:  3    Str:  5    XL:     2   Next: 79%
Magic:  4/8        EV: 13    Int: 19    God:
Gold:   74         SH:  0    Dex: 15    Spells: 6/7 levels left

rFire   . . .      SeeInvis .   g - +0 short sword
rCold   . . .      Faith    .   (no shield)
rNeg    . . .      Spirit   .   a - +0 robe
rPois   .          Reflect  .   (no helmet)
rElec   .          Harm     .   (no cloak)
rCorr   .          Rampage  .   (no gloves)
Will    .....                   d - +0 pair of boots
Stlth   ++........              (no amulet)
HPRegen 0.05/turn               (no ring)
MPRegen 0.11/turn               (no ring)

@: no status effects
A: no striking features
a: no special abilities


You were on level 2 of the Dungeon.
You visited 1 branch of the dungeon, and saw 2 of its levels.

You collected 74 gold pieces.

Inventory:

Hand Weapons
 g - a +0 short sword (weapon)
Armour
 a - a +0 robe (worn)
 d - a +0 pair of boots (worn)
Scrolls
 b - 2 scrolls of amnesia {unknown}
 f - a scroll of noise {unknown}
 i - a scroll of identify {unknown}
Potions
 c - a potion of curing {unknown}
 e - a potion of cancellation {unknown}
 h - a potion of attraction {unknown}


   Skills:
 - Level 2.7 Dodging
 - Level 2.7 Stealth
 + Level 3.4 Spellcasting
 + Level 1.6 Conjurations
 * Level 3.7 Fire Magic


You had 6 spell levels left.
You knew the following spells:

 Your Spells              Type           Power      Damage    Failure   Level
a - Foxfire               Conj/Fire      52%        2x1d6     4%          1

Your spell library contained the following spells:

 Spells                   Type           Power      Damage    Failure   Level
 Scorch                   Fire           34%        2d6       4%          2
 Conjure Flame            Conj/Fire      13%        6-21      14%         3
 Inner Flame              Hex/Fire       10%        N/A       21%         3
 Tukima's Dance           Hex            3%         N/A       41%         3
 Flame Wave               Conj/Fire      13%        2d6       43%         4
 Passage of Golubria      Tloc           3%         N/A       82%         4
 Yara's Violent Unravell  Hex/Tmut       1%         3d3       99%         5


Dungeon Overview and Level Annotations

Branches:
Dungeon (2/15)

Altars:


Message History

A hobgoblin comes into view.
Casting: Foxfire (safe; 4% risk of failure)
Confirm with . or Enter, or press ? or * to list all spells.
You conjure some foxfire!
You now have 7/8 mp.
Casting: Foxfire (safe; 4% risk of failure)
Confirm with . or Enter, or press ? or * to list all spells.
You conjure some foxfire!
The hobgoblin shouts!
The foxfire hits the hobgoblin.
The hobgoblin is heavily wounded.
You now have 6/8 mp.
Casting: Foxfire (safe; 4% risk of failure)
Confirm with . or Enter, or press ? or * to list all spells.
You conjure some foxfire!
You now have 5/8 mp.
A hobgoblin is nearby!
The foxfire hits the hobgoblin.
You kill the hobgoblin!
A kobold comes into view. It is wielding a +0 whip.
Your foxfire dissipates!
The foxfire hits the kobold.
The kobold is severely wounded.
You hear a shout!
Your foxfire dissipates!
A gnoll comes into view. It is wielding a +0 spear.
Casting: Foxfire (safe; 4% risk of failure)
Confirm with . or Enter, or press ? or * to list all spells.
You conjure some foxfire!
The kobold hits you with a +0 whip.
The gnoll hits you from afar with a +0 spear!
Ouch! That really hurt!
* * * LOW HITPOINT WARNING * * *
You take 13 damage, and have 2/15 hp.
MASSIVE DAMAGE!!
You now have 4/8 mp.
Casting: Foxfire (safe; 4% risk of failure)
Confirm with . or Enter, or press ? or * to list all spells.
You conjure some foxfire!
The kobold hits you with a +0 whip.
* * * LOW HITPOINT WARNING * * *
The gnoll hits you from afar with a +0 spear!
Ouch! That really hurt!
You die...

... ... .. ##..
######## #.§ ###
####......###v##..##
..
....†..†.##.v@Kg..#
..
#.......##.vv##..#
..###.......##..## #
................#
................#
................#
.................#
#...........###.....
#...........# #.....


You could see a gnoll and a kobold (ally target).

Vanquished Creatures
  7 bats
  An endoplasm (D:1)
  3 giant cockroaches (D:1)
  3 hobgoblins
  2 kobolds (D:1)
  A quokka (D:1)
  4 ball pythons
  A goblin (D:1)
22 creatures vanquished.

Vanquished Creatures (others)
  88 foxfires
88 creatures vanquished.

Grand Total: 110 creatures vanquished

Notes
Turn   | Place    | Note
-------+----------+-------------------------------------------
     0 | D:1      | Mitsuki the Deep Elf Fire Elementalist began the quest for
                  | the Orb.
     0 | D:1      | Reached XP level 1. HP: 10/10 MP: 6/6
   471 | D:1      | Reached XP level 2. HP: 15/15 MP: 5/8
   725 | D:1      | Found a faded altar of an unknown god.
  1249 | D:2      | Mangled by a gnoll

Illustrated notes

Levels and vault maps discovered:
D:1:      matt_arrival_refuge, layout_loops_cross,
          hellmonk_ecumenical_altar_leap_of_faith
D:2:      layout_basic, basic_altar, minmay_close_crescents, uniq_natasha

Action                   || total
-------------------------++-------
Melee: Short sword       ||     9
 Cast: Foxfire           ||    54
 Stab: Sleeping          ||     1
Armor: Robe              ||    13
Dodge: Dodged            ||    16
